Workbook

Sheet Presupuesto
B2: ALCALDIA MUNICIPAL DE LA LLANADA
B3: SECRETARIA DE PLANEACIÓN Y OBRAS MUNICIPAL
A5: PRESUPUESTO MANTENIMIENTO EDIFICO ALCALDÍA MUNICIPAL
A6: PROYECTO | B6: Mejoramiento y adecuaciones CDI | E6: FECHA | F6: 45457
A7: UBICACIÓN | B7: Barrio Pichincha | C7: DEPARAMENTO | E7: Nariño
A9: ITEM | B9: DETALLE | C9: UNID | D9: CANT | E9: PRECIO | F9: TOTAL
A10: 1 | B10: DEMOLICIONES | F10: =SUM(F11:F12) -> 91980
A11: =A10+0.1 -> 1.1 | B11: Vanos para reubicación de puertas | C11: m3 | D11: 0.49 | E11: =APU!F15 -> 63000 | F11: =D11*E11 -> 30870
A12: =A11+0.1 -> 1.2 | B12: División ampliación de aula | C12: m3 | D12: 0.97 | E12: =APU!F15 -> 63000 | F12: =D12*E12 -> 61110
A13: 2 | B13: LOCALIZACIÓN Y REPLANTEO | F13: =SUM(F14:F15) -> 220650
A14: 2.1 | B14: Descapote y limpieza | C14: Glb | D14: 1 | E14: =APU!F21 -> 111200 | F14: =E14*D14 -> 111200
A15: 2.2 | B15: Trazado barda de cerramiento | C15: Glb | D15: 1 | E15: =APU!F30 -> 109450 | F15: =E15*D15 -> 109450
A16: 3 | B16: EXCAVACIONES | F16: =F17 -> 111500
A17: 3.1 | B17: Viga de cimentación h=25cm | C17: Glb | D17: 1 | E17: =APU!F36 -> 111500 | F17: =E17*D17 -> 111500
A18: 4 | B18: CONCRETOS | F18: =SUM(F19:F23) -> 1874567.1
A19: =A18+0.1 -> 4.1 | B19: Viga de cimentación 3000PSI | C19: m3 | D19: 1.68 | E19: =APU!F45 -> 574945.5 | F19: =D19*E19 -> 965908.44
A20: =A19+0.1 -> 4.2 | B20: Dados en ccto ciclópeo 2400PSI | C20: Glb | D20: 1 | E20: =APU!F55 -> 355879 | F20: =E20*D20 -> 355879
A21: =A20+0.1 -> 4.3 | B21: Castillos cerramiento 3000PSI | C21: m3 | D21: 0.22 | E21: =APU!F45 -> 574945.5 | F21: =D21*E21 -> 126488.01
A22: =A21+0.1 -> 4.4 | B22: Cinta sobre barda de cerramiento 3000PSI | C22: m3 | D22: 0.504 | E22: =E21 -> 574945.5 | F22: =D22*E22 -> 289772.53
A23: =A22+0.1 -> 4.5 | B23: Concreto para solado e=5cm 1500PSI | C23: m3 | D23: 0.42 | E23: =APU!F75 -> 325045.5 | F23: =D23*E23 -> 136519.11
A24: 5 | B24: ACEROS | F24: =SUM(F25:F27) -> 2770312.7
A25: =A24+0.1 -> 5.1 | B25: Refuerzo longitudinal #3 | C25: kg | D25: 220.92 | E25: 4666 | F25: =E25*D25 -> 1030812.7
A26: =A25+0.1 -> 5.2 | B26: Refuerzo transversal | C26: Kg | D26: 65 | E26: 7300 | F26: =D26*E26 -> 474500
A27: =A26+0.1 -> 5.3 | B27: Malla electrosoldada 4mm | C27: m2 | D27: 11.5 | E27: 110000 | F27: =D27*E27 -> 1265000
A28: 6 | B28: BATERIAS SANITARIAS | F28: =F29 -> 350000
A29: =A28+0.1 -> 6.1 | B29: Mantenimiento y arreglo baterias sanitarias | C29: Glb | D29: 1 | E29: 350000 | F29: =E29*D29 -> 350000
A30: 7 | B30: MAMPOSTERÍA | F30: =SUM(F31:F32) -> 2311897.2
A31: =A30+0.1 -> 7.1 | B31: Selle de vanos (Puertas) | C31: m2 | D31: 4.12 | E31: =APU!F94 -> 78850.52 | F31: =E31*D31 -> 324864.14
A32: =A31+0.1 -> 7.2 | B32: Cierre perimetral (h=60cm) | C32: m2 | D32: 25.2 | E32: =E31 -> 78850.52 | F32: =E32*D32 -> 1987033.1
A33: 8 | B33: REVOQUE | F33: =SUM(F34:F38) -> 2772927.3
A34: =A33+0.1 -> 8.1 | B34: Selle de vanos (Puertas) | C34: m2 | D34: 8.25 | E34: =APU!F102 -> 42058.657 | F34: =D34*E34 -> 346983.92
A35: =A34+0.1 -> 8.2 | B35: Revoque barda de cerramiento | C35: m2 | D35: 50.4 | E35: =APU!F102 -> 42058.657 | F35: =D35*E35 -> 2119756.3
A36: =A35+0.1 -> 8.3 | B36: Revoque de corona barda de cerramiento | C36: m2 | D36: 5.04 | E36: =APU!F102 -> 42058.657 | F36: =D36*E36 -> 211975.63
A37: =A36+0.1 -> 8.4 | B37: Afinado vano división | C37: m2 | D37: 0.97 | E37: =APU!F102 -> 42058.657 | F37: =D37*E37 -> 40796.897
A38: =A37+0.1 -> 8.5 | B38: Afinado puertas reubicadas | C38: m2 | D38: 1.27 | E38: =APU!F102 -> 42058.657 | F38: =D38*E38 -> 53414.495
A39: 9 | B39: PINTURA | F39: =F40+F41+F42 -> 864424.59
A40: =A39+0.1 -> 9.1 | B40: Selle de vanos (Puertas) | C40: m2 | D40: 4.12 | E40: =APU!F110 -> 8904.25 | F40: =D40*E40 -> 36685.51
A41: 9.2 | B41: Caseta vigilante | C41: m2 | D41: 20.16 | E41: =APU!F110 -> 8904.25 | F41: =D41*E41 -> 179509.68
A42: 9.3 | B42: Bodega | C42: m2 | D42: 72.8 | E42: =E41 -> 8904.25 | F42: =D42*E42 -> 648229.4
A43: 10 | B43: SUPER BOARD | F43: =SUM(F44:F46) -> 1905195.1
A44: =A43+0.1 -> 10.1 | B44: Estructura | C44: m2 | D44: 9.2 | E44: =APU!F120 -> 192970 | F44: =D44*E44 -> 1775324
A45: =A44+0.1 -> 10.2 | B45: Estuco sobre ranuras y filetes | C45: Glb | D45: 1 | E45: 50000 | F45: =D45*E45 -> 50000
A46: =A45+0.1 -> 10.3 | B46: Pintura | C46: m2 | D46: 8.97 | E46: =APU!F110 -> 8904.25 | F46: =D46*E46 -> 79871.123
A47: 11 | B47: CARPINTERÍA METÁLICA CIERRE, PUERTAS Y VENTANAS | F47: =SUM(F48:F53) -> 7671000
A48: 11.1 | B48: Ángulos 1 1/2" - 1/8" | C48: Und | D48: 15 | E48: 110000 | F48: =D48*E48 -> 1650000
A49: 11.2 | B49: Tubo de cerramiento 2" galvanizado | C49: Und | D49: 5 | E49: 120000 | F49: =D49*E49 -> 600000
A50: 11.3 | B50: Malla eslabonada calibre 10 ojo 5 | C50: m2 | D50: 65 | E50: 20000 | F50: =D50*E50 -> 1300000
A51: 11.4 | B51: Soldadura 60/11 | C51: Kg | D51: 8 | E51: 15000 | F51: =D51*E51 -> 120000
A52: 11.5 | B52: Mano de obra | C52: Glb | D52: 1 | E52: =(SUM(F48:F51))*0.3 -> 1101000 | F52: =D52*E52 -> 1101000
A53: 11.6 | B53: Puerta 1.2x2, puerta 0.8x2, luceta 2 04x2, ventana 0.5x0.7m (Todo costo) Suminstro e Instalación . | C53: Glc | D53: 1 | E53: 2900000 | F53: =D53*E53 -> 2900000
A54: 12 | B54: CASETA VIGILANTE | F54: =SUM(F55) -> 1910845.3
A55: 12.1 | B55: Caseta de 1,2m x 1,2m | C55: Und | D55: 1 | E55: =APU!F136 -> 1910845.3 | F55: =D55*E55 -> 1910845.3
A56: 13 | B56: BODEGA | F56: =SUM(F57) -> 5044259.5
A57: 13.1 | B57: Bodega 3m x 3m | C57: Und | D57: 1 | E57: =APU!F161 -> 5044259.5 | F57: =D57*E57 -> 5044259.5
D58: COSTO DIRECTO | F58: =F10+F13+F16+F18+F24+F28+F30+F33+F39+F43+F47+F54+F56 -> 27899559
B60: Elaboró
D61: Administración 20% | F61: =F58*0.2 -> 5579911.8
D62: Imprevisto 5% | F62: =F58*0.05 -> 1394977.9
B63: Ing. Maria Carolina Ramos Arteaga | D63: Utilidad 5% | F63: =F58*0.05 -> 1394977.9
B64: T.P 11037 - 0708542 NRÑ
B65: Coordinadora de Obras | E65: TOTAL | F65: =SUM(F58:F63) -> 36269426

Sheet APU
A9: Item | B9: Nombre | C9: Und | D9: Rend | E9: Precio | F9: Total
A11: 1 | B11: Demolición de mampostería | C11: m3 | D11: =Presupuesto!D11+Presupuesto!D12 -> 1.46
B12: M.O | C12: Jor/H | D12: 1 | E12: 60000 | F12: =D12*E12 -> 60000
B13: Herramienta Menor | C13: Glb | D13: 1 | E13: =F12*0.05 -> 3000 | F13: =E13*D13 -> 3000
E15: TOTAL | F15: =F12+F13 -> 63000
A17: 2,1 | B17: Descapote y limpieza | C17: Glb | D17: 1
A18: 2,1,1 | B18: M.O | C18: Jor/H | D18: 1 | E18: 110000 | F18: =D18*E18 -> 110000
A19: 2,1,2 | B19: Herramienta Menor | C19: Glb | D19: 1 | E19: 1200 | F19: =D19*E19 -> 1200
E21: TOTAL | F21: =F18+F19 -> 111200
A23: 2,2 | B23: Trazado barda de cerramiento | C23: Glb | D23: 1
A24: 2,2,1 | B24: Cal | C24: Saco | D24: 1 | E24: 20000 | F24: =D24*E24 -> 20000
A25: 2,2,2 | B25: Estacas | C25: Und | D25: 9 | E25: 3000 | F25: =D25*E25 -> 27000
A26: 2,2,3 | B26: Nylon | C26: Und | D26: 1 | E26: 6000 | F26: =D26*E26 -> 6000
A27: 2,2,4 | B27: M.O | C27: Jor/H | D27: 0.5 | E27: 110000 | F27: =D27*E27 -> 55000
A28: 2,2,5 | B28: Herramienta Menor | C28: Glb | D28: 1 | E28: =0.05*(E24+E25+E26) -> 1450 | F28: =D28*E28 -> 1450
E30: TOTAL | F30: =SUM(F24:F28) -> 109450
A32: 3,1 | B32: Excavación Viga de cimentación | C32: Glb | D32: 1
A33: 3,1,1 | B33: M.O | C33: Jor/H | D33: 1 | E33: 110000 | F33: =D33*E33 -> 110000
A34: 3,1,2 | B34: Herramienta Menor | C34: Glb | D34: 1 | E34: 1500 | F34: =D34*E34 -> 1500
E36: TOTAL | F36: =SUM(F33:F34) -> 111500
A38: 4,1 | B38: Viga de cimentación h=20 3000PSI | C38: m3 | D38: =Presupuesto!D19 -> 1.68
A39: 4,1,1 | B39: Cemento | C39: Bulto | D39: 7 | E39: 38000 | F39: =D39*E39 -> 266000
A40: 4,1,2 | B40: Arena | C40: m3 | D40: 0.7 | E40: 114300 | F40: =D40*E40 -> 80010
A41: 4,1,3 | B41: Grava | C41: m3 | D41: 1 | E41: 116700 | F41: =D41*E41 -> 116700
A42: 4,1,4 | B42: M.O | C42: Jor/H | D42: 0.81 | E42: 110000 | F42: =D42*E42 -> 89100
A43: 4,1,5 | B43: Herrameinta Menor | C43: Glb | D43: 1 | E43: =(SUM(F39:F41))*0.05 -> 23135.5 | F43: =E43*D43 -> 23135.5
E45: TOTAL | F45: =SUM(F39:F43) -> 574945.5
A47: 4,2 | B47: Concreto Ciclópeo | C47: Glb | D47: 1
A48: 4,2,1 | B48: Piedra | C48: m3 | D48: 0.5 | E48: 100000 | F48: =D48*E48 -> 50000
A49: 4,2,2 | B49: Cemento | C49: Bulto | D49: 4 | E49: 38000 | F49: =D49*E49 -> 152000
A50: 4,2,3 | B50: Arena | C50: m3 | D50: 0.3 | E50: 114300 | F50: =D50*E50 -> 34290
A51: 4,2,4 | B51: Triturado | C51: m3 | D51: 0.7 | E51: 116700 | F51: =D51*E51 -> 81690
A52: 4,2,5 | B52: M.O | C52: Jor/H | D52: 0.2 | E52: 110000 | F52: =D52*E52 -> 22000
A53: 4,2,6 | B53: Herramienta Menor | C53: Glb | D53: 1 | E53: =(SUM(F48:F51))*0.05 -> 15899 | F53: =D53*E53 -> 15899
E55: TOTAL | F55: =SUM(F48:F53) -> 355879
A57: 4,3 | B57: Castillo cerramiento | C57: m3 | D57: 0.22
A58: 4,3,1 | B58: Cemento | C58: Bulto | D58: 7 | E58: 38000 | F58: =D58*E58 -> 266000
A59: 4,3,2 | B59: Arena | C59: m3 | D59: 0.7 | E59: 114300 | F59: =D59*E59 -> 80010
A60: 4,3,3 | B60: Triturado | C60: m3 | D60: 0.9 | E60: 116700 | F60: =D60*E60 -> 105030
A61: 4,3,4 | B61: Formaleta en madera | C61: Und | D61: 0.33 | E61: 13000 | F61: =D61*E61 -> 4290
A62: 4,3,5 | B62: Puntillas | C62: Glb | D62: 1 | E62: 8000 | F62: =D62*E62 -> 8000
A63: 4,3,6 | B63: M.O | C63: Jor/H | D63: 0.81 | E63: 110000 | F63: =D63*E63 -> 89100
A64: 4,3,7 | B64: Herramienta Menor | C64: Glb | D64: 1 | E64: =(SUM(F58:F62))*0.05 -> 23166.5 | F64: =D64*E64 -> 23166.5
E66: TOTAL | F66: =SUM(F58:F64) -> 575596.5
A68: 4,4 | B68: Solado de limpieza | C68: m3 | D68: =Presupuesto!D22 -> 0.504
A69: 4,4,1 | B69: Cemento | C69: Bulto | D69: 3.5 | E69: 8000 | F69: =D69*E69 -> 28000
A70: 4,4,2 | B70: Arena | C70: m3 | D70: 0.7 | E70: 114300 | F70: =D70*E70 -> 80010
A71: 4,4,3 | B71: Triturado | C71: m3 | D71: 1 | E71: 116700 | F71: =D71*E71 -> 116700
A72: 4,4,6 | B72: M.O | C72: Jor/H | D72: 0.81 | E72: 110000 | F72: =D72*E72 -> 89100
A73: 4,4,7 | B73: Herramienta Menor | C73: Glb | D73: 1 | E73: =(SUM(F69:F71))*0.05 -> 11235.5 | F73: =D73*E73 -> 11235.5
E75: TOTAL | F75: =SUM(F69:F73) -> 325045.5
A77: 4,5 | B77: Cinta corona barda | C77: m3 | D77: =Presupuesto!D22 -> 0.504
A78: 4,5,1 | B78: Cemento | C78: Bulto | D78: 3.5 | E78: 38000 | F78: =D78*E78 -> 133000
A79: 4,5,2 | B79: Arena | C79: m3 | D79: 0.7 | E79: 114300 | F79: =D79*E79 -> 80010
A80: 4,5,3 | B80: Triturado | C80: m3 | D80: 1 | E80: 116700 | F80: =D80*E80 -> 116700
A81: 4,5,4 | B81: Formaleta madera | C81: Und | D81: 0.4 | E81: 13000 | F81: =D81*E81 -> 5200
A82: 4,5,5 | B82: M.O | C82: Jor/H | D82: 0.81 | E82: 110000 | F82: =D82*E82 -> 89100
A83: 4,5,6 | B83: Herramienta Menor | C83: Glb | D83: 1 | E83: =(SUM(F78:F81))*0.05 -> 16745.5 | F83: =D83*E83 -> 16745.5
E85: TOTAL | F85: =SUM(F78:F83) -> 440755.5
A87: 7 | B87: Mampostería | C87: m2 | D87: ='Amarres y cantidades'!C39 -> 29.323
A88: 4,5,1 | B88: Cemento | C88: Bulto | D88: ='Amarres y cantidades'!C50/100 -> 0.3737916 | E88: 38000 | F88: =D88*E88 -> 14204.081
A89: 4,5,2 | B89: Arena | C89: m3 | D89: ='Amarres y cantidades'!C49 -> 0.1191204 | E89: 114300 | F89: =D89*E89 -> 13615.462
A90: 4,5,3 | B90: Ladrillo | C90: Und | D90: 46 | E90: 800 | F90: =D90*E90 -> 36800
A91: 4,5,4 | B91: M.O | C91: Jor/H | D91: 0.1 | E91: 110000 | F91: =D91*E91 -> 11000
A92: 4,5,5 | B92: Herramienta Menor | C92: Glb | D92: 1 | E92: =(SUM(F88:F90))*0.05 -> 3230.9771 | F92: =D92*E92 -> 3230.9771
E94: TOTAL | F94: =SUM(F88:F92) -> 78850.52
A96: 8 | B96: Revoques | C96: m2 | D96: ='Amarres y cantidades'!C91 -> 66.3
A97: 4,5,1 | B97: Cemento | C97: Bulto | D97: ='Amarres y cantidades'!C101/100 -> 0.4662126 | E97: 38000 | F97: =D97*E97 -> 17716.079
A98: 4,5,2 | B98: Arena | C98: m3 | D98: ='Amarres y cantidades'!C100 -> 0.112959 | E98: 114300 | F98: =D98*E98 -> 12911.214
A99: 4,5,4 | B99: M.O | C99: Jor/H | D99: 0.09 | E99: 110000 | F99: =D99*E99 -> 9900
A100: 4,5,5 | B100: Herramienta Menor | C100: Glb | D100: 1 | E100: =(SUM(F97:F98))*0.05 -> 1531.3646 | F100: =D100*E100 -> 1531.3646
E102: TOTAL | F102: =SUM(F97:F100) -> 42058.657
A104: 9 | B104: Pintura | C104: m2 | D104: =SUM(Presupuesto!D40:D42) -> 97.08
A105: 4,5,1 | B105: Pintura vinilo tipo 1 a dos manos | C105: Galón | D105: 0.09 | E105: 70000 | F105: =D105*E105 -> 6300
A106: 4,5,2 | B106: Lija | C106: Und | D106: 0.05 | E106: 1700 | F106: =D106*E106 -> 85
A107: 4,5,4 | B107: M.O | C107: Jor/H | D107: 0.02 | E107: 110000 | F107: =D107*E107 -> 2200
A108: 4,5,5 | B108: Herramienta Menor | C108: Glb | D108: 1 | E108: =(SUM(F105:F106))*0.05 -> 319.25 | F108: =D108*E108 -> 319.25
E110: TOTAL | F110: =SUM(F105:F108) -> 8904.25
A112: 10.1 | B112: Estructura super board | C112: m2 | D112: =Presupuesto!D44 -> 9.2
A113: 10.1.1 | B113: Perfiles rectangulares calibre 18 | C113: Und | D113: 1.4 | E113: 60000 | F113: =D113*E113 -> 84000
A114: 10.1.2 | B114: Viguetas | C114: Und | D114: 3.6 | E114: 4000 | F114: =D114*E114 -> 14400
A115: 10.1.3 | B115: Tornillos estructura | C115: Glb | D115: 2 | E115: 6000 | F115: =D115*E115 -> 12000
A116: 10.1.4 | B116: Superboard | C116: Und | D116: 0.5 | E116: 42000 | F116: =D116*E116 -> 21000
A117: 10.1.5 | B117: M.O | C117: Jor/H | D117: 0.5 | E117: 110000 | F117: =D117*E117 -> 55000
A118: 10.1.6 | B118: Herramienta Menor | C118: Glb | D118: 1 | E118: =(SUM(F113:F116))*0.05 -> 6570 | F118: =D118*E118 -> 6570
E120: TOTAL | F120: =SUM(F113:F118) -> 192970
A122: 12 | B122: Suministro y contrucción Caseta vigilante | C122: Glb | D122: 1
A123: 12.1 | B123: Solado de limpieza | C123: m3 | D123: 0.2 | E123: =E139 -> 325045.5 | F123: =E123*D123 -> 65009.1
A124: 12.1 | B124: Zapatas | C124: m3 | D124: 0.11 | E124: =APU!F45 -> 574945.5 | F124: =E124*D124 -> 63244.005
A125: 12.2 | B125: Perfiles calibre 18 | C125: Und | D125: 4 | E125: 60000 | F125: =D125*E125 -> 240000
A126: 12.3 | B126: Viguetas | C126: Und | D126: 8 | E126: 4000 | F126: =D126*E126 -> 32000
A127: 12.4 | B127: Tornillos estructura | C127: Glb | D127: 3 | E127: 6000 | F127: =D127*E127 -> 18000
A128: 12.5 | B128: Superboard | C128: Und | D128: 4 | E128: 42000 | F128: =D128*E128 -> 168000
A129: 12.6 | B129: Teja arquitectónica | C129: Und | D129: 1 | E129: 110000 | F129: =D129*E129 -> 110000
A130: 12.7 | B130: Tornillos autoperforantes | C130: Und | D130: 12 | E130: 300 | F130: =D130*E130 -> 3600
A131: 12.8 | B131: Madera piso (incluye puntillas y tratamiento) | C131: Und | D131: 3 | E131: 95000 | F131: =D131*E131 -> 285000
A132: 12.9 | B132: Estuco sobre ranuras y filetes | C132: Glb | D132: 1 | E132: 180000 | F132: =D132*E132 -> 180000
A133: 12.10 | B133: M.O | C133: Jor/H | D133: 1 | E133: 700000 | F133: =D133*E133 -> 700000
A134: 12.11 | B134: Herramienta Menor | C134: Glb | D134: 1 | E134: 45992.17 | F134: =D134*E134 -> 45992.17
E136: TOTAL | F136: =SUM(F123:F134) -> 1910845.3
...

Sheet Amarres y cantidades
B2: CONCRETOS | C2: Cant | D2: L (m) | E2: b (m) o e | F2: h (m) | G2: Total (m3)
B3: DEMOLICIONES
B4: Demolición vanos puertas | C4: 2 | D4: 0.95 | E4: 0.12 | F4: 2.17 | G4: =D4*E4*F4*C4 -> 0.49476
B5: Demolición divisón salón | C5: 1 | D5: 3.5 | E5: 0.12 | F5: 2.3 | G5: =D5*E5*F5*C5 -> 0.966
B7: CONCRETOS
B8: Viga de cimentación para barda de cierre | C8: 1 | D8: 42 | E8: 0.2 | F8: 0.2 | G8: =D8*E8*F8*C8 -> 1.68
B9: Castillos de cerramiento | C9: 15 | D9: 0.12 | E9: 0.2 | F9: 0.6 | G9: =D9*E9*F9*C9 -> 0.216
B10: Dados concrto ciclópeo soporte de castillos | C10: 15 | D10: 0.3 | E10: 0.3 | F10: 0.35 | G10: =D10*E10*F10*C10 -> 0.4725
B11: Cinta de amarre | C11: 1 | D11: 42 | E11: 0.12 | F11: 0.1 | G11: =D11*E11*F11*C11 -> 0.504
K12: Maestro | L12: 60000
B13: ACEROS | C13: Cant Long | E13: L varilla | F13: Ad | K13: Obrero | L13: 50000
B14: Refuerzo viga de cimentación #3 | C14: =D14/E14 -> 7 | D14: 42 | E14: 6 | F14: =C14*0.38 -> 2.66 | G14: =((D14/E14)+F14)*5 -> 48.3
B15: Refuerzo transversal 1/4"
B17: =Presupuesto!$B$30 -> MAMPOSTERÍA
B18: Selle de vanos (Puertas) | C18: 2 | D18: 0.95 | E18: - | F18: 2.17 | G18: =F18*D18*C18 -> 4.123
B19: Cierre perimetral (h=47cm) | C19: 1 | D19: 42 | E19: - | F19: 0.6 | G19: =D19*F19 -> 25.2
B21: REVOQUE
B22: Selle de vanos (Puertas) | C22: 2 | D22: 0.95 | E22: - | F22: 2.17 | G22: =F22*D22*C22*2 -> 8.246 | H22: M2
B23: Afinado vanos puertas | C23: 2 | D23: 0.95 | E23: - | F23: 4.34 | G23: =(D23+F23)*C23 -> 10.58 | H23: ML
B24: Afinado vano división | C24: 1 | D24: 3.5 | E24: - | F24: 4.6 | G24: =(F24+D24)*C24 -> 8.1 | H24: ML
B25: Revoque barda de cerramiento | C25: 2 | D25: 42 | E25: - | F25: 0.6 | G25: =(D25*F25)*C25 -> 50.4 | H25: M2
B26: Revoque de corona barda de cerramiento | C26: 1 | D26: 42 | E26: - | F26: - | G26: =D26 -> 42 | H26: ML
B28: PINTURA
B29: Selle de vanos (Puertas) | C29: 2 | D29: 0.95 | E29: - | F29: 2.17 | G29: =F29*D29*C29 -> 4.123
B31: SUPER BOARD
B32: Estructura | C32: 1 | D32: 5.75 | E32: - | F32: 1.6 | G32: =D32*F32 -> 9.2
B38: PEGA DE LADRILLO
B39: Mampostería | C39: =G18+G19 -> 29.323 | D39: m2
B40: A Ladrillo + e junta (1,5cm) | C40: =0.03 -> 0.03 | D40: m2
B41: # Ladrillos incluye desperdicio | C41: =(C39/C40)*1.05 -> 1026.305 | D41: Und
B42: Vol Mortero | C42: =(C39*0.1)-(0.2*0.11*0.1) -> 2.9301 | D42: m3
B43: Dosificación | D43: ="1:4" -> 1:4
B44: Arena dos | C44: 1.16 | D44: m3
B45: Cemento dos | C45: 364 | D45: Kg | E45: =C45/50 -> 7.28 | F45: Bultos | H45: Bultos | I45: =E47+E60+E72+E84+E98 -> 66.550247
B46: Arena | C46: =(C42*C44)*1.05 -> 3.5688618 | D46: m3 | H46: Arena | I46: =C46+C61+C73+C85+C97 -> 7.5945093
B47: Cemento | C47: =(C42*C45)*1.05 -> 1119.8842 | D47: Kg | E47: =C47/50 -> 22.397684 | F47: Bultos | H47: Grava | I47: =C62+C74+C86 -> 4.629975
B48: Vol Mortero 1m2 | C48: =0.1-0.0022 -> 0.0978 | D48: m3
B49: Arena 1m2 | C49: =(C48*C44)*1.05 -> 0.1191204 | D49: m3
B50: Cemento 1m2 | C50: =(C48*C45)*1.05 -> 37.37916 | D50: Kg | E50: =C50/50 -> 0.7475832 | F50: Bultos
B54: CONCRETO 3000 PSI
B55: Fundición | C55: 3.8 | D55: m3
B56: Dosificación | D56: ="1:2:3" -> 1:2:3
B57: Cemento | C57: 350 | D57: Kg | E57: =C57/50 -> 7 | F57: bultos
B58: Arena | C58: 0.56 | D58: m3
B59: Grava | C59: 0.84 | D59: m3
B60: Cemento | C60: =(C55*C57)*1.05 -> 1396.5 | D60: Kg | E60: =C60/50 -> 27.93 | F60: bultos
B61: Arena | C61: =(C55*C58)*1.05 -> 2.2344 | D61: m3
B62: Grava | C62: =(C59*C55)*1.05 -> 3.3516 | D62: m3
B66: CONCRETO 2400 PSI
B67: Fundición | C67: 0.65 | D67: m3
B68: Dosificación | D68: ="1:2:4" -> 1:2:4
B69: Cemento | C69: 300 | D69: Kg | E69: =C69/50 -> 6 | F69: bultos
B70: Arena | C70: 0.48 | D70: m3
B71: Grava | C71: 0.95 | D71: m3
B72: Cemento | C72: =(C67*C69)*1.05 -> 204.75 | D72: Kg | E72: =C72/50 -> 4.095 | F72: bultos
B73: Arena | C73: =(C67*C70)*1.05 -> 0.3276 | D73: m3
B74: Grava | C74: =(C71*C67)*1.05 -> 0.648375 | D74: m3
I77: m2 | J77: m3
B78: CONCRETO 1500 PSI - SOLADO | H78: Vigas | I78: =(42*0.2) -> 8.4 | J78: =I78*0.05 -> 0.42
B79: Fundición | C79: 0.6 | D79: m3 | H79: cinta bodega | I79: =12*0.1 -> 1.2 | J79: =I79*0.05 -> 0.06
B80: Dosificación | D80: ="1:3:6" -> 1:3:6 | H80: zapatas | I80: =0.9 -> 0.9 | J80: =I80*0.05 -> 0.045
B81: Cemento | C81: 210 | D81: Kg | E81: =C81/50 -> 4.2 | F81: bultos | J81: =J78+J79+J80 -> 0.525
B82: Arena | C82: 0.5 | D82: m3
B83: Grava | C83: 1 | D83: m3
B84: Cemento | C84: =(C79*C81)*1.05 -> 132.3 | D84: Kg | E84: =C84/50 -> 2.646 | F84: bultos
B85: Arena | C85: =(C79*C82)*1.05 -> 0.315 | D85: m3
B86: Grava | C86: =(C83*C79)*1.05 -> 0.63 | D86: m3
B90: REVOQUE
B91: Revoque | C91: 66.3 | D91: m2
B92: Espesor | C92: 0.015 | D92: m
B93: Vol Mortero | C93: =C91*C92 -> 0.9945 | D93: m3
B94: Dosificación | D94: ="1:3" -> 1:3
B95: Arena dos | C95: 1.1 | D95: m3
B96: Cemento dos | C96: 454 | D96: Kg | E96: =C96/50 -> 9.08 | F96: Bultos
B97: Arena | C97: =(C93*C95)*1.05 -> 1.1486475 | D97: m3
B98: Cemento | C98: =(C93*C96)*1.05 -> 474.07815 | D98: Kg | E98: =C98/50 -> 9.481563 | F98: Bultos
B99: Vol Mortero 1m2 | C99: =0.1-0.0022 -> 0.0978 | D99: m3
B100: Arena 1m2 | C100: =(C99*C95)*1.05 -> 0.112959 | D100: m3
B101: Cemento 1m2 | C101: =(C99*C96)*1.05 -> 46.62126 | D101: Kg | E101: =C101/50 -> 0.9324252 | F101: Bultos
B105: TEJA ARQUITECTÓNICA
B106: Area efectiva | C106: 5.1 | D106: m2
B107: Bodega | C107: 13.32 | D107: m2
B108: Caseta | C108: 3.42 | D108: m2
B109: Cantidad de tejas | C109: =(C107/C106)+1 -> 3.6117647 | D109: Und

Sheet Cantidades
B2: MATERIALES
B3: Cal x 10Kg | C3: Saco | D3: 1 | E3: 20000 | F3: =D3*E3 -> 20000
B4: Estacas | C4: Und | D4: 9 | E4: 3000 | F4: =D4*E4 -> 27000
B5: Rollo de Nylon | C5: Und | D5: 1 | E5: 6000 | F5: =D5*E5 -> 6000
B6: Cemento | C6: Bulto | D6: 70 | E6: 38000 | F6: =D6*E6 -> 2660000
B7: Arena | C7: m3 | D7: 8 | E7: 114286 | F7: =D7*E7 -> 914288
B8: Grava | C8: m3 | D8: 5 | E8: 116667 | F8: =D8*E8 -> 583335
B9: Piedra | C9: m3 | D9: 0.5 | E9: 110000 | F9: =D9*E9 -> 55000
B10: Tablas | C10: Und | D10: 10 | E10: 15000 | F10: =D10*E10 -> 150000
B11: Clavos de hierro | C11: Lb | D11: 3 | E11: 6500 | F11: =D11*E11 -> 19500
B12: Ladrillos | C12: Und | D12: ='Amarres y cantidades'!C39*45 -> 1319.535 | E12: 800 | F12: =D12*E12 -> 1055628
B13: Pintura vinilo tipo 1 | C13: Galón | D13: 7 | E13: 90000 | F13: =D13*E13 -> 630000
B14: Lija | C14: Und | D14: 10 | E14: 1700 | F14: =D14*E14 -> 17000
B15: Grifería grival | C15: Und | D15: 3 | E15: 16000 | F15: =D15*E15 -> 48000
B16: Cinta teflón | C16: Und | D16: 3 | E16: 2000 | F16: =D16*E16 -> 6000
B17: Accesorios hidrosanitarios | C17: Und | D17: 4 | E17: 30000 | F17: =D17*E17 -> 120000
B18: Perfiles | C18: Und | D18: 11 | E18: 60000 | F18: =D18*E18 -> 660000
B19: Viguetas | C19: Und | D19: 42 | E19: 4000 | F19: =D19*E19 -> 168000
B20: Tornillos | C20: Ciento | D20: 10 | E20: 6000 | F20: =D20*E20 -> 60000
B21: Superboard 4mm | C21: Und | D21: 17 | E21: 52000 | F21: =D21*E21 -> 884000
B22: Varilla #3 x 6m | C22: Und | D22: 75 | E22: 16000 | F22: =D22*E22 -> 1200000
B23: Acero 1/4" | C23: Kg | D23: 70 | E23: 5300 | F23: =D23*E23 -> 371000
B24: Alambre de amarre | C24: Kg | D24: 4 | E24: 7000 | F24: =D24*E24 -> 28000
... B39: Malla electrosoldada 4mm | C39: m2 | D39: 11.5 | E39: 110000 | F39: =D39*E39 -> 1265000
C40: TOTAL | F40: =SUM(F3:F39) -> 15605751
